Match 43622407
Unlisted

Match 43622407
End
Selects Australian Defense Battlegroup
Selects Australian Light Infantry Section
Australian Light Infantry Section
Construct Section Command Post
Dingo Light Scout Car
Australian Light Infantry Section
Australian Light Infantry Section
Selects 2-pounder Anti-tank Gun Team
Construct Platoon Command Post
2-pounder Anti-tank Gun Team
Humber Armored Car
Vickers Machine Gun Team
Unlock Bishop Self-propelled Artillery
Construct Field Infirmary
Selects CMP 15cwt Supply Run
Selects Reinforced Resource Caches
2-pounder Anti-tank Gun Team
CMP 15cwt Truck
Team Weapon Training
Infantry Training
Selects Archer Tank Destroyer
Archer Tank Destroyer
Armored Vehicle Training
Archer Tank Destroyer
Selects Vehicle Over Repair
Bishop Self-propelled Artillery
LoCo|StetoGuy
Lero
PH0BB05
Zannen
spaceisfun
JT
FoxOnTheFront
GAGE
0
0

Comments sign in to comment!

No comments posted yet!